Falcons vs Comets

Created - Thursday, December 17, 2015 at 03:29

Goals
1 2 3 OT1 SO T
Falcons 0 1 0 0 1 1
Comets 1 0 0 0 2 2
Shots
1 2 3 OT1 SO T
Falcons 10 5 11 1 4 27
Comets 6 10 6 0 4 22

1st period

1. Comets , Jared Boll 3 (Sven Baertschi, Landon Ferraro) at 2:25 (PP)

Penalties :
Slater Koekkoek (SPR) for Hooking (Minor) at 2:20, Mat Clark (UTI) for Hooking (Minor) at 6:11, Dane Byers (UTI) for Interference (Minor) at 12:18

2nd period

2. Falcons , Joey Hishon 12 (Eric Tangradi) at 2:26

Penalties :
No Penalty

3rd period

No Goal

Penalties :
Dane Byers (UTI) for Tripping (Minor) at 6:51, Jared Boll (UTI) for Hooking (Minor) at 9:52, Dane Byers (UTI) for Tripping (Minor) at 19:04

Overtime #1

No Goal

Penalties :
No Penalty

Shootout

Penalty Shot by Greg Rallo for Falcons - Stopped by Mike Condon
Penalty Shot by John Scott for Comets - Goal!
Penalty Shot by Dmitrij Jaskin for Falcons - Stopped by Mike Condon
Penalty Shot by Nicklas Jensen for Comets - Stopped by Christopher Gibson
Penalty Shot by Markus Granlund for Falcons - Goal!
Penalty Shot by Mike Sislo for Comets - Stopped by Christopher Gibson
Penalty Shot by Freddie Hamilton for Falcons - Stopped by Mike Condon
Penalty Shot by Jared Boll for Comets - Goal!

Penalties :
No Penalty

Goalie Stats

Christopher Gibson (SPR), 21 saves from 22 shots - (0.955), OTL, 12-3-4, 65:00 minutes
Mike Condon (UTI), 26 saves from 27 shots - (0.963), W, 19-10-4, 65:00 minutes

Players Stats for Falcons

Player Name              G  A  P  +/- PIM S  H  SB GA TA FO     MP     PP MP  PK MP  
------------------------------------------------------------------------------------
Alex Broadhurst          0  0  0   0  0   0  0  0  0  1  6/9    16:39   3:28   0:00 
Brett Bulmer             0  0  0   0  0   0  0  0  2  0  1/1     9:11   0:02   0:00 
Colton Parayko           0  0  0   1  0   0  0  2  1  1  0/0    22:07   3:07   0:00 
Dan Kelly                0  0  0   0  0   0  0  0  0  0  0/0     6:14   0:00   0:00 
Dmitrij Jaskin           0  0  0   1  0   1  1  0  2  0  2/3    24:52   3:38   0:05 
Drayson Bowman           0  0  0   0  0   1  1  3  3  0  0/1    20:39   4:08   0:00 
Duncan Siemens           0  0  0   0  0   0  2  0  0  0  0/0    16:19   0:00   0:00 
Eric Tangradi            0  1  1   1  0   1  1  1  2  1  4/6    16:16   1:58   0:00 
Freddie Hamilton         0  0  0   0  0   4  1  0  3  2  0/0    20:42   4:23   0:00 
Greg Rallo               0  0  0   0  0   3  3  0  3  1  0/0    22:03   4:28   0:00 
Joey Hishon              1  0  1   1  0   6  0  0  4  1  7/10   18:21   0:00   0:05 
Justin Courtnall         0  0  0   0  0   0  0  0  0  0  0/0     1:08   0:00   0:00 
Markus Granlund          0  0  0   0  0   5  0  1  5  0  8/12   23:53   3:46   0:00 
Matt Carey               0  0  0   0  0   0  2  0  0  0  0/0    12:27   0:42   0:00 
Nathan Beaulieu          0  0  0   0  0   4  2  1  0  6  0/0    27:01   5:44   0:05 
Slater Koekkoek          0  0  0   0  2   2  0  0  0  2  0/0    16:45   0:00   0:00 
Ville Pokka              0  0  0   0  0   0  0  2  1  1  0/0    23:05   5:44   0:05 
Vincent LoVerde          0  0  0   1  0   0  1  3  0  0  0/0    22:07   3:07   0:00 

Players Stats for Comets

Player Name              G  A  P  +/- PIM S  H  SB GA TA FO     MP     PP MP  PK MP  
------------------------------------------------------------------------------------
Andrew Ference           0  0  0   0  0   1  1  4  0  4  0/0    27:38   0:05   5:35 
Ben Hanowski             0  0  0   0  0   0  0  0  3  1  0/2    22:01   0:00   0:18 
Brendan Gaunce           0  0  0   0  0   0  0  0  0  1  2/8    12:38   0:00   0:00 
Dane Byers               0  0  0  -1  6   0  1  0  5  2  0/0    12:44   0:00   0:00 
Derek Meech              0  0  0  -1  0   1  2  3  1  1  0/0    22:36   0:00   4:20 
Dylan McIlrath           0  0  0   0  0   0  2  0  0  0  0/0    15:35   0:00   0:00 
Jared Boll               1  0  1   0  2   5  4  0  1  1  0/0    18:47   0:05   1:44 
Jeremy Welsh             0  0  0   0  0   0  0  2  4  1  6/13   18:12   0:00   6:08 
John Scott               0  0  0   0  0   1  6  4  1  2  0/0    27:56   0:05   5:35 
Kent Huskins             0  0  0   0  0   0  0  0  0  0  0/0     0:00   0:00   0:00 
Landon Ferraro           0  1  1   0  0   2  2  0  1  0  4/7    18:04   0:05   0:17 
Logan Shaw               0  0  0   0  0   0  0  0  0  0  0/0     0:00   0:00   0:00 
Mark Pysyk               0  0  0  -1  0   0  0  1  0  0  0/0    21:46   0:00   4:20 
Mat Clark                0  0  0   0  2   0  1  0  2  2  0/0    16:28   0:00   0:00 
Mike Sislo               0  0  0  -1  0   3  3  3  0  1  1/6    24:28   0:00   4:58 
Nicklas Jensen           0  0  0   0  0   2  1  0  2  0  0/2    18:08   0:00   2:16 
Scott Glennie            0  0  0  -1  0   2  1  0  1  3  1/1    12:35   0:00   0:00 
Sven Baertschi           0  1  1   0  0   5  1  2  7  1  0/3    20:19   0:05   3:05 

3 Stars

1 - Mike Condon (UTI)
2 - Christopher Gibson (SPR)
3 - Joey Hishon (SPR)

Power Play

Falcons - 0 on 5 Attempt(s) - 0.00%
Comets - 1 on 1 Attempt(s) - 100.00%

Penalty Kill

Falcons - 0 on 1 Attempt(s) - 0.00% - Score 0 goal in Penalty Kill
Comets - 5 on 5 Attempt(s) - 100.00% - Score 0 goal in Penalty Kill

Team Stat

Falcons - Hits : 14 - Faceoff Wins : 28 - Blocked Shots : 13 - Penalty Minutes : 2
Comets - Hits : 25 - Faceoff Wins : 14 - Blocked Shots : 19 - Penalty Minutes : 10

Official

Referees : Unknown
Linesman : Unknown

Game Notes

2:26 of 2nd period - Falcons goal is going for a video replay. After video review, Goal.
Eric Tangradi is injured at 4:13 of 3rd period (Fractured Bone in Left Hand)

Finance

Level 1 -- Attendance: 1644 (82.20%) -- Ticket Income $57,540
Level 2 -- Attendance: 779 (77.90%) -- Ticket Income $11,685
Total Attendance: 2423 (80.77%)
Total Ticket Income: $69,225
Other Income: $33,920
Total Income: $103,145

Falcons

5 vs 5 Forward 
   Center                   Left Wing                Right Wing               Time % Phy DF OF 
 1 Eric Tangradi            Dmitrij Jaskin           Freddie Hamilton         35     1   2  2  
 2 Markus Granlund          Drayson Bowman           Greg Rallo               30     1   2  2  
 3 Joey Hishon              Eric Tangradi            Dmitrij Jaskin           22     1   2  2  
 4 Markus Granlund          Freddie Hamilton         Dmitrij Jaskin           13     1   2  2  

5 vs 5 Defense 
   Defense                  Defense                                           Time % Phy DF OF 
 1 Nathan Beaulieu          Ville Pokka                                       35     1   2  2  
 2 Vincent LoVerde          Colton Parayko                                    30     1   2  2  
 3 Slater Koekkoek          Duncan Siemens                                    22     1   2  2  
 4 Dan Kelly                Nathan Beaulieu                                   13     1   2  2  

PowerPlay Forward 
   Center                   Left Wing                Right Wing               Time % Phy DF OF 
 1 Eric Tangradi            Dmitrij Jaskin           Freddie Hamilton         60     1   2  2  
 2 Markus Granlund          Drayson Bowman           Greg Rallo               40     1   2  2  

PowerPlay Defense
   Defense                  Defense                                           Time % Phy DF OF 
 1 Nathan Beaulieu          Ville Pokka                                       60     1   2  2  
 2 Vincent LoVerde          Colton Parayko                                    40     1   2  2  

Penalty Kill 4 Players Forward 
   Center                   Wing                     Time % Phy DF OF 
 1 Joey Hishon              Dmitrij Jaskin           60     1   2  2  
 2 Markus Granlund          Freddie Hamilton         40     1   2  2  

Penalty Kill 4 Players Defense
   Defense                  Defense                  Time % Phy DF OF 
 1 Nathan Beaulieu          Ville Pokka              60     1   2  2  
 2 Vincent LoVerde          Colton Parayko           40     1   2  2  

Penalty Kill - 3 Players Forward 
   Forward                                           Time % Phy DF OF 
 1 Markus Granlund                                   60     1   2  2  
 2 Dmitrij Jaskin                                    40     1   2  2  

Penalty Kill - 3 Players Defense
   Defense                  Defense                  Time % Phy DF OF 
 1 Nathan Beaulieu          Ville Pokka              60     1   2  2  
 2 Vincent LoVerde          Colton Parayko           40     1   2  2  

4 vs 4 Forward 
   Center                   Wing                     Time % Phy DF OF 
 1 Eric Tangradi            Dmitrij Jaskin           60     1   2  2  
 2 Markus Granlund          Freddie Hamilton         40     1   2  2  

4 vs 4 Defense
   Defense                  Defense                  Time % Phy DF OF 
 1 Nathan Beaulieu          Ville Pokka              60     1   2  2  
 2 Vincent LoVerde          Colton Parayko           40     1   2  2  

Last Minutes Offensive
   Center                   Left Wing                Right Wing               Defense                  Defense                  
   Markus Granlund          Dmitrij Jaskin           Freddie Hamilton         Nathan Beaulieu          Ville Pokka              

Last Minutes Defensive
   Center                   Left Wing                Right Wing               Defense                  Defense                  
   Markus Granlund          Dmitrij Jaskin           Freddie Hamilton         Nathan Beaulieu          Ville Pokka              

Goaltenders
Starting : Christopher Gibson       
Backup : Malcolm Subban           

Extra Forwards
Normal : Alex Broadhurst, Eric Tangradi, Joey Hishon - PP : Alex Broadhurst, Eric Tangradi - PK : Joey Hishon
Extra Defensemen
Normal : Slater Koekkoek, Duncan Siemens, Dan Kelly - PP : Slater Koekkoek - PK : Duncan Siemens, Dan Kelly
Penalty Shots
Eric Tangradi, Dmitrij Jaskin, Markus Granlund, Freddie Hamilton, Drayson Bowman

Comets

5 vs 5 Forward 
   Center                   Left Wing                Right Wing               Time % Phy DF OF 
 1 Jeremy Welsh             Ben Hanowski             Mike Sislo               35     1   2  2  
 2 Landon Ferraro           Sven Baertschi           Jared Boll               30     1   2  2  
 3 Brendan Gaunce           Ben Hanowski             Nicklas Jensen           22     1   2  2  
 4 Mike Sislo               Dane Byers               Scott Glennie            13     1   2  2  

5 vs 5 Defense 
   Defense                  Defense                                           Time % Phy DF OF 
 1 Andrew Ference           John Scott                                        35     1   2  2  
 2 Mark Pysyk               Derek Meech                                       30     1   2  2  
 3 Dylan McIlrath           Mat Clark                                         22     1   2  2  
 4 Andrew Ference           John Scott                                        13     1   2  2  

PowerPlay Forward 
   Center                   Left Wing                Right Wing               Time % Phy DF OF 
 1 Jeremy Welsh             Ben Hanowski             Mike Sislo               60     1   2  2  
 2 Landon Ferraro           Sven Baertschi           Jared Boll               40     1   2  2  

PowerPlay Defense
   Defense                  Defense                                           Time % Phy DF OF 
 1 Andrew Ference           John Scott                                        60     1   2  2  
 2 Mark Pysyk               Derek Meech                                       40     1   2  2  

Penalty Kill 4 Players Forward 
   Center                   Wing                     Time % Phy DF OF 
 1 Jeremy Welsh             Mike Sislo               60     1   2  2  
 2 Jared Boll               Sven Baertschi           40     1   2  2  

Penalty Kill 4 Players Defense
   Defense                  Defense                  Time % Phy DF OF 
 1 Andrew Ference           John Scott               60     1   2  2  
 2 Mark Pysyk               Derek Meech              40     1   2  2  

Penalty Kill - 3 Players Forward 
   Forward                                           Time % Phy DF OF 
 1 Sven Baertschi                                    60     1   2  2  
 2 Mike Sislo                                        40     1   2  2  

Penalty Kill - 3 Players Defense
   Defense                  Defense                  Time % Phy DF OF 
 1 Andrew Ference           John Scott               60     1   2  2  
 2 Mark Pysyk               Derek Meech              40     1   2  2  

4 vs 4 Forward 
   Center                   Wing                     Time % Phy DF OF 
 1 Jeremy Welsh             Mike Sislo               60     1   2  2  
 2 Jared Boll               Sven Baertschi           40     1   2  2  

4 vs 4 Defense
   Defense                  Defense                  Time % Phy DF OF 
 1 Andrew Ference           John Scott               60     1   2  2  
 2 Mark Pysyk               Derek Meech              40     1   2  2  

Last Minutes Offensive
   Center                   Left Wing                Right Wing               Defense                  Defense                  
   Jeremy Welsh             Sven Baertschi           Mike Sislo               Andrew Ference           John Scott               

Last Minutes Defensive
   Center                   Left Wing                Right Wing               Defense                  Defense                  
   Jeremy Welsh             Sven Baertschi           Mike Sislo               Andrew Ference           John Scott               

Goaltenders
Starting : Mike Condon              
Backup : Scott Wedgewood          

Extra Forwards
Normal : John Scott, Ben Hanowski, Nicklas Jensen - PP : Mike Sislo, Ben Hanowski - PK : Nicklas Jensen
Extra Defensemen
Normal : Dylan McIlrath, Mat Clark, Mark Pysyk - PP : Dylan McIlrath - PK : Mat Clark, Mark Pysyk
Penalty Shots
John Scott, Nicklas Jensen, Mike Sislo, Jared Boll, Sven Baertschi

% Time on Ice - Falcons

Lines # - Real PCT - Wanted PCT - Time Play
Normal Forward
1 - 31% - 35% - 15:51
2 - 32% - 30% - 16:31
3 - 30% - 22% - 15:19
4 - 7% - 13% - 3:23
Normal Defense
1 - 29% - 35% - 14:49
2 - 32% - 30% - 16:28
3 - 29% - 22% - 14:47
4 - 10% - 13% - 5:00
PP Forward
1 - 53% - 60% - 4:43
2 - 47% - 40% - 4:08
PP Defense
1 - 65% - 60% - 5:44
2 - 35% - 40% - 3:07
PK Forward
1 - 100% - 60% - 0:05
2 - 0% - 40% - 0:00
PK Defense
1 - 100% - 60% - 0:05
2 - 0% - 40% - 0:00
PK3 Forward
1 - 0% - 60%
2 - 0% - 40%
PK3 Defense
1 - 0% - 60%
2 - 0% - 40%
44 Forward
1 - 100% - 60% - 5:00
2 - 0% - 40% - 0:00
44 Defense
1 - 49% - 60% - 2:28
2 - 51% - 40% - 2:32
Last Minute Offensive  - 0:00
Last Minute Defensive  - 0:00
Total
Forward - 65:00
Defense - 65:00

% Time on Ice - Comets

Lines # - Real PCT - Wanted PCT - Time Play
Normal Forward
1 - 21% - 35% - 10:33
2 - 32% - 30% - 16:31
3 - 25% - 22% - 12:38
4 - 22% - 13% - 11:22
Normal Defense
1 - 31% - 35% - 15:47
2 - 31% - 30% - 15:42
3 - 31% - 22% - 15:35
4 - 8% - 13% - 4:00
PP Forward
1 - 0% - 60% - 0:00
2 - 100% - 40% - 0:05
PP Defense
1 - 100% - 60% - 0:05
2 - 0% - 40% - 0:00
PK Forward
1 - 77% - 60% - 6:50
2 - 23% - 40% - 2:01
PK Defense
1 - 56% - 60% - 4:57
2 - 44% - 40% - 3:54
PK3 Forward
1 - 100% - 60% - 1:04
2 - 0% - 40% - 0:00
PK3 Defense
1 - 59% - 60% - 0:38
2 - 41% - 40% - 0:26
44 Forward
1 - 89% - 60% - 3:31
2 - 11% - 40% - 0:25
44 Defense
1 - 56% - 60% - 2:12
2 - 44% - 40% - 1:44
Last Minute Offensive  - 0:00
Last Minute Defensive  - 0:00
Total
Forward - 65:00
Defense - 65:00

Play by Play

1st period


0:01 of 1st period - Eric Tangradi wins face-off versus Jeremy Welsh in neutral zone.
0:10 of 1st period - Wrist shot by Ben Hanowski.
0:10 of 1st period - Shot Blocked by Nathan Beaulieu.
0:12 of 1st period - Slapshot by Andrew Ference.
0:12 of 1st period - Stopped by Christopher Gibson with a rebound.
0:34 of 1st period - Slapshot by Eric Tangradi.
0:34 of 1st period - Stopped by Mike Condon with a rebound.
0:50 of 1st period - John Scott is hit by Greg Rallo and loses puck.
1:03 of 1st period - Wrist shot by Markus Granlund.
1:03 of 1st period - Deflect By Greg Rallo.
1:03 of 1st period - Stopped by Mike Condon with a rebound.
1:05 of 1st period - Slapshot by Colton Parayko.
1:05 of 1st period - Shot Misses the Net.
1:07 of 1st period - Slapshot by Greg Rallo.
1:07 of 1st period - Shot Misses the Net.
1:09 of 1st period - Snap shot by Drayson Bowman.
1:09 of 1st period - Stopped by Mike Condon with a rebound.
1:11 of 1st period - Snap shot by Markus Granlund.
1:11 of 1st period - Stopped by Mike Condon with a rebound.
1:57 of 1st period - Icing by Slater Koekkoek.
1:58 of 1st period - Brendan Gaunce wins face-off versus Drayson Bowman in Falcons zone.
2:04 of 1st period - Off-side.
2:05 of 1st period - Markus Granlund wins face-off versus Brendan Gaunce in neutral zone.
2:20 of 1st period - Minor Penalty to Slater Koekkoek for Hooking.
2:21 of 1st period - Landon Ferraro wins face-off versus Dmitrij Jaskin in Falcons zone.
2:23 of 1st period - Slapshot by Jared Boll.
2:23 of 1st period - Stopped by Christopher Gibson with a rebound.
2:25 of 1st period - Snap shot by Jared Boll.
2:25 of 1st period - Goal by Jared Boll - Falcons : 0 - Comets : 1.
2:26 of 1st period - Scott Glennie wins face-off versus Markus Granlund in neutral zone.
2:29 of 1st period - Markus Granlund is hit by John Scott and loses puck.
2:48 of 1st period - Slapshot by Nathan Beaulieu.
2:48 of 1st period - Stopped by Mike Condon without a rebound.
2:49 of 1st period - Landon Ferraro wins face-off versus Joey Hishon in Comets zone.
3:13 of 1st period - Snap shot by Jared Boll.
3:13 of 1st period - Shot Misses the Net.
3:21 of 1st period - Snap shot by Sven Baertschi.
3:21 of 1st period - Stopped by Christopher Gibson with a rebound.
3:43 of 1st period - Wrist shot by Markus Granlund.
3:43 of 1st period - Stopped by Mike Condon without a rebound.
3:44 of 1st period - Markus Granlund wins face-off versus Brendan Gaunce in Comets zone.
3:51 of 1st period - Snap shot by Greg Rallo.
3:51 of 1st period - Shot Misses the Net.
4:27 of 1st period - Snap shot by Scott Glennie.
4:27 of 1st period - Shot Blocked by Drayson Bowman.
4:29 of 1st period - Wrist shot by Mike Sislo.
4:29 of 1st period - Shot Misses the Net.
5:34 of 1st period - Dmitrij Jaskin is hit by John Scott and loses puck.
6:11 of 1st period - Minor Penalty to Mat Clark for Hooking.
6:12 of 1st period - Jeremy Welsh wins face-off versus Markus Granlund in Comets zone.
7:04 of 1st period - Jeremy Welsh is hit by Nathan Beaulieu and loses puck.
7:15 of 1st period - Wrist shot by Freddie Hamilton.
7:15 of 1st period - Shot Blocked by John Scott.
7:33 of 1st period - Snap shot by Markus Granlund.
7:33 of 1st period - Shot Misses the Net.
8:01 of 1st period - Ben Hanowski is hit by Eric Tangradi and loses puck.
8:11 of 1st period - Penalty to Mat Clark is over, Mat Clark is back on ice.
8:31 of 1st period - Wrist shot by Greg Rallo.
8:31 of 1st period - Shot Misses the Net.
8:33 of 1st period - Wrist shot by Joey Hishon.
8:33 of 1st period - Shot Blocked by Derek Meech.
9:17 of 1st period - Wrist shot by Sven Baertschi.
9:17 of 1st period - Deflect By Joey Hishon.
9:17 of 1st period - Stopped by Christopher Gibson without a rebound.
9:18 of 1st period - Joey Hishon wins face-off versus Landon Ferraro in Falcons zone.
9:32 of 1st period - Wrist shot by Jared Boll.
9:32 of 1st period - Stopped by Christopher Gibson with a rebound.
9:57 of 1st period - Icing by Mat Clark.
9:58 of 1st period - Markus Granlund wins face-off versus Mike Sislo in Comets zone.
10:23 of 1st period - Slapshot by Nathan Beaulieu.
10:23 of 1st period - Shot Blocked by Mike Sislo.
10:25 of 1st period - Snap shot by Freddie Hamilton.
10:25 of 1st period - Stopped by Mike Condon with a rebound.
10:27 of 1st period - Wrist shot by Eric Tangradi.
10:27 of 1st period - Deflect By Freddie Hamilton.
10:27 of 1st period - Shot Blocked by Mike Sislo.
10:27 of 1st period - Puck is out of play.
10:28 of 1st period - Eric Tangradi wins face-off versus Sven Baertschi in Comets zone.
10:48 of 1st period - Off-side.
10:49 of 1st period - Markus Granlund wins face-off versus Nicklas Jensen in neutral zone.
10:56 of 1st period - Backhand shot by Markus Granlund.
10:56 of 1st period - Shot Blocked by Derek Meech.
10:58 of 1st period - Wrist shot by Markus Granlund.
10:58 of 1st period - Shot Blocked by Derek Meech.
11:52 of 1st period - Slapshot by Sven Baertschi.
11:52 of 1st period - Shot Blocked by Colton Parayko.
12:05 of 1st period - Off-side.
12:06 of 1st period - Dmitrij Jaskin wins face-off versus Mike Sislo in neutral zone.
12:13 of 1st period - Wrist shot by Nathan Beaulieu.
12:13 of 1st period - Shot Misses the Net.
12:18 of 1st period - Minor Penalty to Dane Byers for Interference.
12:19 of 1st period - Eric Tangradi wins face-off versus Jeremy Welsh in Comets zone.
12:23 of 1st period - Slapshot by Nathan Beaulieu.
12:23 of 1st period - Shot Misses the Net.
12:25 of 1st period - Snap shot by Freddie Hamilton.
12:25 of 1st period - Stopped by Mike Condon with a rebound.
12:27 of 1st period - Wrist shot by Eric Tangradi.
12:27 of 1st period - Shot Blocked by Jeremy Welsh.
12:29 of 1st period - Slapshot by Nathan Beaulieu.
12:29 of 1st period - Shot Blocked by John Scott.
12:31 of 1st period - Wrist shot by Eric Tangradi.
12:31 of 1st period - Shot Blocked by Andrew Ference.
12:33 of 1st period - Snap shot by Ville Pokka.
12:33 of 1st period - Shot Hit the Post.
12:35 of 1st period - Slapshot by Eric Tangradi.
12:35 of 1st period - Shot Blocked by Andrew Ference.
13:23 of 1st period - Jared Boll is hit by Dmitrij Jaskin and loses puck.
14:01 of 1st period - Greg Rallo is hit by Nicklas Jensen and loses puck.
14:18 of 1st period - Penalty to Dane Byers is over, Dane Byers is back on ice.
14:24 of 1st period - Slapshot by Nathan Beaulieu.
14:24 of 1st period - Shot Misses the Net.
14:26 of 1st period - Wrist shot by Eric Tangradi.
14:26 of 1st period - Shot Misses the Net.
14:28 of 1st period - Wrist shot by Dmitrij Jaskin.
14:28 of 1st period - Shot Misses the Net.
14:40 of 1st period - Slapshot by Joey Hishon.
14:40 of 1st period - Stopped by Mike Condon with a rebound.
14:42 of 1st period - Snap shot by Slater Koekkoek.
14:42 of 1st period - Stopped by Mike Condon with a rebound.
15:15 of 1st period - Brendan Gaunce is hit by Matt Carey and loses puck.
16:20 of 1st period - Sven Baertschi is hit by Nathan Beaulieu and loses puck.
16:54 of 1st period - Matt Carey is hit by Scott Glennie and loses puck.
17:46 of 1st period - Nathan Beaulieu is hit by Mike Sislo and loses puck.
18:14 of 1st period - Icing by Brendan Gaunce.
18:15 of 1st period - Markus Granlund wins face-off versus Ben Hanowski in Comets zone.
Goals for this period are 0 for Falcons vs 1 for Comets.
Shots for this period are 10 for Falcons vs 6 for Comets.

2nd period


0:01 of 2nd period - Eric Tangradi wins face-off versus Mike Sislo in neutral zone.
1:20 of 2nd period - Markus Granlund is hit by Jared Boll and loses puck.
2:24 of 2nd period - Snap shot by Joey Hishon.
2:24 of 2nd period - Shot Misses the Net.
2:26 of 2nd period - Slapshot by Joey Hishon.
2:26 of 2nd period - Falcons goal is going for a video replay.
2:26 of 2nd period - The goal is good.
2:26 of 2nd period - Goal by Joey Hishon - Falcons : 1 - Comets : 1.
2:27 of 2nd period - Joey Hishon wins face-off versus Landon Ferraro in neutral zone.
2:45 of 2nd period - Wrist shot by Jared Boll.
2:45 of 2nd period - Shot Hit the Post.
2:47 of 2nd period - Snap shot by Jared Boll.
2:47 of 2nd period - Shot Blocked by Ville Pokka.
3:54 of 2nd period - Wrist shot by Scott Glennie.
3:54 of 2nd period - Stopped by Christopher Gibson with a rebound.
4:19 of 2nd period - Icing by Dmitrij Jaskin.
4:20 of 2nd period - Landon Ferraro wins face-off versus Eric Tangradi in Falcons zone.
4:29 of 2nd period - Snap shot by Jared Boll.
4:29 of 2nd period - Stopped by Christopher Gibson with a rebound.
4:35 of 2nd period - Snap shot by Jared Boll.
4:35 of 2nd period - Stopped by Christopher Gibson with a rebound.
4:37 of 2nd period - Snap shot by Mark Pysyk.
4:37 of 2nd period - Shot Blocked by Eric Tangradi.
4:39 of 2nd period - Backhand shot by Sven Baertschi.
4:39 of 2nd period - Stopped by Christopher Gibson with a rebound.
4:41 of 2nd period - Slapshot by Mark Pysyk.
4:41 of 2nd period - Shot Blocked by Vincent LoVerde.
5:02 of 2nd period - Snap shot by Markus Granlund.
5:02 of 2nd period - Stopped by Mike Condon with a rebound.
5:04 of 2nd period - Slapshot by Slater Koekkoek.
5:04 of 2nd period - Shot Misses the Net.
5:06 of 2nd period - Slapshot by Slater Koekkoek.
5:06 of 2nd period - Stopped by Mike Condon with a rebound.
5:08 of 2nd period - Snap shot by Markus Granlund.
5:08 of 2nd period - Stopped by Mike Condon with a rebound.
5:17 of 2nd period - Icing by Brendan Gaunce.
5:18 of 2nd period - Joey Hishon wins face-off versus Brendan Gaunce in Comets zone.
5:23 of 2nd period - Snap shot by Joey Hishon.
5:23 of 2nd period - Stopped by Mike Condon without a rebound.
5:24 of 2nd period - Joey Hishon wins face-off versus Mike Sislo in Comets zone.
6:13 of 2nd period - Alex Broadhurst is hit by John Scott and loses puck.
6:38 of 2nd period - Slapshot by Sven Baertschi.
6:38 of 2nd period - Stopped by Christopher Gibson without a rebound.
6:39 of 2nd period - Markus Granlund wins face-off versus Brendan Gaunce in Falcons zone.
7:54 of 2nd period - Sven Baertschi is hit by Freddie Hamilton and loses puck.
8:02 of 2nd period - Colton Parayko is hit by Jared Boll and loses puck.
8:21 of 2nd period - Matt Carey is hit by John Scott and loses puck.
8:52 of 2nd period - Wrist shot by Ben Hanowski.
8:52 of 2nd period - Shot Misses the Net.
9:08 of 2nd period - Wrist shot by Sven Baertschi.
9:08 of 2nd period - Stopped by Christopher Gibson with a rebound.
9:10 of 2nd period - Slapshot by Jared Boll.
9:10 of 2nd period - Shot Misses the Net.
9:12 of 2nd period - Snap shot by Landon Ferraro.
9:12 of 2nd period - Stopped by Christopher Gibson with a rebound.
9:32 of 2nd period - Nathan Beaulieu is hit by Mike Sislo.
9:52 of 2nd period - Wrist shot by Nicklas Jensen.
9:52 of 2nd period - Shot Misses the Net.
9:54 of 2nd period - Slapshot by Dylan McIlrath.
9:54 of 2nd period - Shot Misses the Net.
9:56 of 2nd period - Snap shot by Brendan Gaunce.
9:56 of 2nd period - Shot Misses the Net.
10:00 of 2nd period - Snap shot by Nicklas Jensen.
10:00 of 2nd period - Stopped by Christopher Gibson without a rebound.
10:01 of 2nd period - Joey Hishon wins face-off versus Brendan Gaunce in Falcons zone.
10:01 of 2nd period - Joey Hishon is hit by Andrew Ference.
10:19 of 2nd period - Brendan Gaunce is hit by Duncan Siemens and loses puck.
12:24 of 2nd period - Off-side.
12:25 of 2nd period - Alex Broadhurst wins face-off versus Jeremy Welsh in neutral zone.
12:30 of 2nd period - Wrist shot by Freddie Hamilton.
12:30 of 2nd period - Shot Blocked by Andrew Ference.
12:48 of 2nd period - Joey Hishon is hit by Jared Boll.
15:02 of 2nd period - Greg Rallo is hit by Derek Meech and loses puck.
15:07 of 2nd period - Snap shot by Landon Ferraro.
15:07 of 2nd period - Stopped by Christopher Gibson with a rebound.
15:09 of 2nd period - Slapshot by Mat Clark.
15:09 of 2nd period - Shot Misses the Net.
15:19 of 2nd period - Brendan Gaunce is hit by Matt Carey and loses puck.
15:31 of 2nd period - Wrist shot by Brendan Gaunce.
15:31 of 2nd period - Shot Misses the Net.
16:44 of 2nd period - Snap shot by Nicklas Jensen.
16:44 of 2nd period - Deflect By John Scott.
16:44 of 2nd period - Stopped by Christopher Gibson without a rebound.
16:45 of 2nd period - Alex Broadhurst wins face-off versus Brendan Gaunce in Falcons zone.
17:30 of 2nd period - Brett Bulmer is hit by Dylan McIlrath and loses puck.
17:51 of 2nd period - Wrist shot by Slater Koekkoek.
17:51 of 2nd period - Shot Blocked by John Scott.
19:17 of 2nd period - Landon Ferraro is hit by Duncan Siemens and loses puck.
19:30 of 2nd period - Ville Pokka is hit by Landon Ferraro and loses puck.
19:45 of 2nd period - Markus Granlund is hit by Dane Byers and loses puck.
Goals for this period are 1 for Falcons vs 0 for Comets.
Shots for this period are 5 for Falcons vs 10 for Comets.

3rd period


0:01 of 3rd period - Jeremy Welsh wins face-off versus Eric Tangradi in neutral zone.
0:35 of 3rd period - Snap shot by Mike Sislo.
0:35 of 3rd period - Stopped by Christopher Gibson with a rebound.
0:58 of 3rd period - Markus Granlund is hit by John Scott and loses puck.
1:05 of 3rd period - Slapshot by Sven Baertschi.
1:05 of 3rd period - Shot Misses the Net.
1:07 of 3rd period - Snap shot by Derek Meech.
1:07 of 3rd period - Shot Blocked by Markus Granlund.
1:09 of 3rd period - Wrist shot by Mark Pysyk.
1:09 of 3rd period - Shot Blocked by Colton Parayko.
1:11 of 3rd period - Slapshot by Derek Meech.
1:11 of 3rd period - Shot Misses the Net.
1:13 of 3rd period - Slapshot by Derek Meech.
1:13 of 3rd period - Stopped by Christopher Gibson with a rebound.
1:41 of 3rd period - Wrist shot by Ben Hanowski.
1:41 of 3rd period - Shot Blocked by Vincent LoVerde.
2:27 of 3rd period - Slapshot by Scott Glennie.
2:27 of 3rd period - Shot Misses the Net.
3:08 of 3rd period - Wrist shot by Joey Hishon.
3:08 of 3rd period - Shot Misses the Net.
3:10 of 3rd period - Snap shot by Joey Hishon.
3:10 of 3rd period - Stopped by Mike Condon with a rebound.
3:12 of 3rd period - Slapshot by Ville Pokka.
3:12 of 3rd period - Deflect By Joey Hishon.
3:12 of 3rd period - Shot Misses the Net.
3:12 of 3rd period - Puck is out of play.
3:13 of 3rd period - Joey Hishon wins face-off versus Ben Hanowski in Comets zone.
3:40 of 3rd period - Wrist shot by Greg Rallo.
3:40 of 3rd period - Stopped by Mike Condon with a rebound.
4:00 of 3rd period - Slapshot by Freddie Hamilton.
4:00 of 3rd period - Shot Blocked by John Scott.
4:12 of 3rd period - Eric Tangradi is hit by Mike Sislo.
4:13 of 3rd period - Eric Tangradi from Falcons is injured at 4:13 of 3rd period (Fractured Bone in Left Hand).
4:14 of 3rd period - Jeremy Welsh wins face-off versus Alex Broadhurst in Falcons zone.
4:37 of 3rd period - Slapshot by Nathan Beaulieu.
4:37 of 3rd period - Stopped by Mike Condon with a rebound.
5:25 of 3rd period - Landon Ferraro is hit by Greg Rallo and loses puck.
6:37 of 3rd period - Snap shot by Markus Granlund.
6:37 of 3rd period - Stopped by Mike Condon with a rebound.
6:51 of 3rd period - Minor Penalty to Dane Byers for Tripping.
6:52 of 3rd period - Alex Broadhurst wins face-off versus Jeremy Welsh in Comets zone.
6:55 of 3rd period - Slapshot by Nathan Beaulieu.
6:55 of 3rd period - Deflect By Andrew Ference.
6:55 of 3rd period - Stopped by Mike Condon with a rebound.
7:05 of 3rd period - Backhand shot by Nathan Beaulieu.
7:05 of 3rd period - Shot Blocked by Jeremy Welsh.
7:17 of 3rd period - Slapshot by Mike Sislo.
7:17 of 3rd period - Stopped by Christopher Gibson without a rebound.
7:18 of 3rd period - Jeremy Welsh wins face-off versus Markus Granlund in Falcons zone.
8:43 of 3rd period - Snap shot by Freddie Hamilton.
8:43 of 3rd period - Stopped by Mike Condon with a rebound.
8:51 of 3rd period - Penalty to Dane Byers is over, Dane Byers is back on ice.
8:58 of 3rd period - Icing by Andrew Ference.
8:59 of 3rd period - Brett Bulmer wins face-off versus Nicklas Jensen in Comets zone.
9:27 of 3rd period - Wrist shot by Joey Hishon.
9:27 of 3rd period - Stopped by Mike Condon without a rebound.
9:28 of 3rd period - Joey Hishon wins face-off versus Landon Ferraro in Comets zone.
9:43 of 3rd period - Slapshot by Jared Boll.
9:43 of 3rd period - Shot Misses the Net.
9:52 of 3rd period - Minor Penalty to Jared Boll for Hooking.
9:53 of 3rd period - Markus Granlund wins face-off versus Jeremy Welsh in Comets zone.
9:57 of 3rd period - Slapshot by Greg Rallo.
9:57 of 3rd period - Stopped by Mike Condon with a rebound.
11:26 of 3rd period - Snap shot by Markus Granlund.
11:26 of 3rd period - Deflect By Sven Baertschi.
11:26 of 3rd period - Shot Blocked by Sven Baertschi.
11:26 of 3rd period - Puck is out of play.
11:27 of 3rd period - Landon Ferraro wins face-off versus Markus Granlund in Comets zone.
11:27 of 3rd period - Landon Ferraro is hit by Drayson Bowman.
11:52 of 3rd period - Penalty to Jared Boll is over, Jared Boll is back on ice.
12:08 of 3rd period - Joey Hishon is hit by Jared Boll and loses puck.
12:27 of 3rd period - Slapshot by Joey Hishon.
12:27 of 3rd period - Stopped by Mike Condon without a rebound.
12:28 of 3rd period - Brendan Gaunce wins face-off versus Joey Hishon in Comets zone.
12:41 of 3rd period - Slapshot by Nicklas Jensen.
12:41 of 3rd period - Stopped by Christopher Gibson with a rebound.
13:11 of 3rd period - Joey Hishon is hit by Landon Ferraro and loses puck.
13:17 of 3rd period - Off-side.
13:18 of 3rd period - Mike Sislo wins face-off versus Joey Hishon in neutral zone.
13:21 of 3rd period - Wrist shot by Scott Glennie.
13:21 of 3rd period - Stopped by Christopher Gibson with a rebound.
13:51 of 3rd period - Slapshot by Derek Meech.
13:51 of 3rd period - Shot Misses the Net.
14:01 of 3rd period - Wrist shot by Nicklas Jensen.
14:01 of 3rd period - Shot Hit the Post.
14:03 of 3rd period - Snap shot by Nicklas Jensen.
14:03 of 3rd period - Shot Blocked by Ville Pokka.
14:25 of 3rd period - Brett Bulmer is hit by John Scott and loses puck.
14:54 of 3rd period - Wrist shot by Jeremy Welsh.
14:54 of 3rd period - Shot Misses the Net.
14:56 of 3rd period - Wrist shot by Mike Sislo.
14:56 of 3rd period - Stopped by Christopher Gibson without a rebound.
14:57 of 3rd period - Alex Broadhurst wins face-off versus Jeremy Welsh in Falcons zone.
14:57 of 3rd period - Alex Broadhurst is hit by Mat Clark.
15:09 of 3rd period - Dmitrij Jaskin is hit by Dylan McIlrath and loses puck.
15:56 of 3rd period - Off-side.
15:57 of 3rd period - Alex Broadhurst wins face-off versus Mike Sislo in neutral zone.
16:00 of 3rd period - Snap shot by Markus Granlund.
16:00 of 3rd period - Shot Misses the Net.
16:02 of 3rd period - Slapshot by Ville Pokka.
16:02 of 3rd period - Shot Misses the Net.
16:04 of 3rd period - Snap shot by Markus Granlund.
16:04 of 3rd period - Shot Blocked by Mark Pysyk.
16:34 of 3rd period - Slapshot by Freddie Hamilton.
16:34 of 3rd period - Shot Misses the Net.
16:54 of 3rd period - Ben Hanowski is hit by Greg Rallo and loses puck.
17:29 of 3rd period - Slapshot by Colton Parayko.
17:29 of 3rd period - Shot Blocked by Sven Baertschi.
18:17 of 3rd period - Wrist shot by Mike Sislo.
18:17 of 3rd period - Shot Misses the Net.
18:41 of 3rd period - Snap shot by Jeremy Welsh.
18:41 of 3rd period - Shot Blocked by Drayson Bowman.
18:43 of 3rd period - Slapshot by Derek Meech.
18:43 of 3rd period - Shot Blocked by Drayson Bowman.
18:45 of 3rd period - Snap shot by Mark Pysyk.
18:45 of 3rd period - Deflect By Nicklas Jensen.
18:45 of 3rd period - Shot Misses the Net.
18:45 of 3rd period - Puck is out of play.
18:46 of 3rd period - Markus Granlund wins face-off versus Jeremy Welsh in Falcons zone.
19:04 of 3rd period - Minor Penalty to Dane Byers for Tripping.
19:05 of 3rd period - Jeremy Welsh wins face-off versus Alex Broadhurst in Comets zone.
19:15 of 3rd period - Slapshot by Nathan Beaulieu.
19:15 of 3rd period - Shot Misses the Net.
19:17 of 3rd period - Slapshot by Ville Pokka.
19:17 of 3rd period - Shot Blocked by Andrew Ference.
19:19 of 3rd period - Wrist shot by Greg Rallo.
19:19 of 3rd period - Shot Misses the Net.
19:21 of 3rd period - Wrist shot by Nathan Beaulieu.
19:21 of 3rd period - Deflect By Andrew Ference.
19:21 of 3rd period - Stopped by Mike Condon without a rebound.
19:22 of 3rd period - Jeremy Welsh wins face-off versus Alex Broadhurst in Comets zone.
19:37 of 3rd period - Snap shot by Freddie Hamilton.
19:37 of 3rd period - Stopped by Mike Condon with a rebound.
19:39 of 3rd period - Slapshot by Freddie Hamilton.
19:39 of 3rd period - Shot Blocked by Mike Sislo.
Goals for this period are 0 for Falcons vs 0 for Comets.
Shots for this period are 11 for Falcons vs 6 for Comets.

Overtime #1


0:01 of 1st overtime period - Alex Broadhurst wins face-off versus Sven Baertschi in neutral zone.
0:37 of 1st overtime period - Wrist shot by Dmitrij Jaskin.
0:37 of 1st overtime period - Stopped by Mike Condon without a rebound.
0:38 of 1st overtime period - Dmitrij Jaskin wins face-off versus Sven Baertschi in Comets zone.
0:45 of 1st overtime period - Snap shot by Sven Baertschi.
0:45 of 1st overtime period - Shot Blocked by Vincent LoVerde.
1:04 of 1st overtime period - Penalty to Dane Byers is over, Dane Byers is back on ice.
1:38 of 1st overtime period - Nathan Beaulieu is hit by Derek Meech and loses puck.
2:41 of 1st overtime period - Wrist shot by Jeremy Welsh.
2:41 of 1st overtime period - Shot Misses the Net.
2:43 of 1st overtime period - Snap shot by Mike Sislo.
2:43 of 1st overtime period - Shot Misses the Net.
2:59 of 1st overtime period - Andrew Ference is hit by Vincent LoVerde and loses puck.
4:43 of 1st overtime period - Joey Hishon is hit by Sven Baertschi and loses puck.
Goals for this period are 0 for Falcons vs 0 for Comets.
Shots for this period are 1 for Falcons vs 0 for Comets.

ShootOut


5:00 of 1st overtime period - Penalty Shot by Greg Rallo for Falcons.
5:00 of 1st overtime period - Snap shot by Greg Rallo.
5:00 of 1st overtime period - Stopped by Mike Condon.
5:00 of 1st overtime period - Penalty Shot by John Scott for Comets.
5:00 of 1st overtime period - Snap shot by John Scott.
5:00 of 1st overtime period - Goal by John Scott.
5:00 of 1st overtime period - Penalty Shot by Dmitrij Jaskin for Falcons.
5:00 of 1st overtime period - Snap shot by Dmitrij Jaskin.
5:00 of 1st overtime period - Stopped by Mike Condon.
5:00 of 1st overtime period - Penalty Shot by Nicklas Jensen for Comets.
5:00 of 1st overtime period - Wrist shot by Nicklas Jensen.
5:00 of 1st overtime period - Stopped by Christopher Gibson.
5:00 of 1st overtime period - Penalty Shot by Markus Granlund for Falcons.
5:00 of 1st overtime period - Deke by Markus Granlund.
5:00 of 1st overtime period - Goal by Markus Granlund.
5:00 of 1st overtime period - Penalty Shot by Mike Sislo for Comets.
5:00 of 1st overtime period - Wrist shot by Mike Sislo.
5:00 of 1st overtime period - Stopped by Christopher Gibson.
5:00 of 1st overtime period - Penalty Shot by Freddie Hamilton for Falcons.
5:00 of 1st overtime period - Wrist shot by Freddie Hamilton.
5:00 of 1st overtime period - Stopped by Mike Condon.
5:00 of 1st overtime period - Penalty Shot by Jared Boll for Comets.
5:00 of 1st overtime period - Wrist shot by Jared Boll.
5:00 of 1st overtime period - Goal by Jared Boll.